cohdb
Replays
Latest Replays
All Replays
Popular Replays
Top Player Replays
Match Explorer
How It Works
Community
CoH3 Stats
Reddit
Sign in to upload your games and track your stats! →
Sign in with Steam
Match 46652496
Unlisted
Match 46652496
Overview
Messages
Build Orders
End
Scout Squad
Selects Special Operations Battlegroup
Selects M29 Weasel Recon Vehicle
M29 Weasel Recon Vehicle
Construct Weapon Support Center
M1919 Machine Gun Team
M1919 Machine Gun Team
Engineer Squad
Infantry Support Center
Construct Medical Station
M3 Armored Personnel Carrier
Selects Raiding Flares
M3 Armored Personnel Carrier
Selects SSF Commando Squad
SSF Commando Squad
Advanced Logistics
.30 cal Machine Gun
SSF Commando Squad
Survival Training
Improved M9 Bazooka Rockets
Munitions Surplus
Selects P-47 Anti-Infantry Loiter
SSF Commando Squad
P-47 Anti-Infantry Loiter
P-47 Anti-Infantry Loiter
Selects M4A1 Sherman Whizbang
M4A1 Sherman Whizbang
Bego
aSIIDemolitionHammer
Evelynn
BlueSkidrow™ Legion
0
0
Comments
sign in to comment!
No comments posted yet!